 Dungeon Crawl Stone Soup version 0.18.1-5-g4a78601 (webtiles) character file.

1471 Icer the Ruffian (level 8, 0/73 HPs)
             Began as a Minotaur Monk on May 12, 2016.
             Was an Elder of Okawaru.
             Slain by an ogre
             ... wielding a +0 giant club
              (27 damage)
             ... on level 6 of the Dungeon on May 13, 2016.
             The game lasted 00:18:15 (4928 turns).

Icer the Ruffian (Minotaur Monk)                    Turns: 4928, Time: 00:18:16

Health: 0/73       AC:  5    Str: 17    XL:     8   Next: 49%
Magic:  7/7        EV: 16    Int:  7    God:    Okawaru [****..]
Gold:   289        SH:  0    Dex: 14    Spells: 0 memorised, 7 levels left

rFire  . . .     SeeInvis .       - Unarmed
rCold  . . .     Gourm    .     a - +0 robe
rNeg   . . .     Faith    .     (no shield)
rPois  .         Spirit   .     (helmet restricted)
rElec  .         Dismiss  .     x - +0 cloak
rCorr  .         Reflect  .     s - +0 pair of gloves
SustAt .         Harm     .     o - +0 pair of boots
MR     .....                    (no amulet)
Stlth  ++........               (no ring)
                                (no ring)

@: not resistant to hostile enchantments, unstealthy
A: retaliatory headbutt, horns 2
a: Heroism, Renounce Religion


You were on level 6 of the Dungeon.
You worshipped Okawaru.
Okawaru was greatly pleased with you.
You were not hungry.

You visited 1 branch of the dungeon, and saw 6 of its levels.

You collected 289 gold pieces.

Inventory:

Armour
 a - a +0 robe (worn)
 k - a +0 pair of gloves
 o - a +0 pair of boots (worn)
 s - a +0 pair of gloves (worn)
 x - a +0 cloak (worn)
Wands
 w - a wand of flame (21/48)
Scrolls
 c - 3 scrolls of teleportation
 g - 4 scrolls of immolation
 j - a scroll of fear {unknown}
 q - 3 scrolls of enchant armour {unknown}
 r - a scroll of enchant weapon {unknown}
 t - 2 scrolls of blinking {unknown}
 u - a scroll of identify
 v - 4 scrolls of remove curse {unknown}
 y - a scroll of fog {unknown}
Potions
 d - 3 potions of brilliance
 e - 3 potions of curing
 f - a potion of haste {unknown}
 h - 2 potions of invisibility
 i - a potion of magic {unknown}
 m - a potion of berserk rage
 n - a potion of might {unknown}
 p - a potion of heal wounds {unknown}
Comestibles
 b - 2 bread rations
 l - 2 meat rations


   Skills:
 + Level 7.0 Fighting
 + Level 7.7 Dodging
 - Level 3.2 Stealth
 + Level 7.8 Unarmed Combat
 + Level 0.8 Invocations


You had 7 spell levels left.
You didn't know any spells.

Dungeon Overview and Level Annotations

Branches:
Dungeon (6/15)
 Temple: D:4-7

Altars:
Cheibriados
Okawaru
Sif Muna
Trog
Vehumet
Xom
The Shining One


Innate Abilities, Weirdness & Mutations

You reflexively headbutt those who attack you in melee.
You have a pair of horns on your head.


Message History

You punch the orc!
You kill the orc!
Okawaru accepts your kill. The orc completely misses you.
You punch the orc!
You kill the orc!
Okawaru accepts your kill.
You closely miss the orc. The orc misses you.
You barely miss the orc. The orc hits you with a hand axe.
You closely miss the orc. You headbutt the orc.
The orc is severely wounded.
You punch the orc!
You kill the orc!
Okawaru accepts your kill. The gnoll closely misses you.
You hit the ogre.
You headbutt the ogre, but do no damage.
The ogre is lightly wounded.
The gnoll completely misses you. The ogre hits you with a giant club!!
You die...

#.#### #(# #######†#
.......<# #........#
+......... #........##
########........#
#)O@(....########
#g####........# #)#
#........#
#...g...#........#
#.Y.....#........# #.#
.........#........## #..
..........................
####....######.###########
#..... #.#


You could see an ogre and a gnoll.

Vanquished Creatures
  Duvessa (D:4)
  A sky beast (D:6)
  An ogre (D:4)
  2 centaurs
  3 giant frogs (D:6)
  Dowan (D:4)
  6 scorpions
  A water moccasin skeleton (D:4)
  2 hounds (D:5)
  2 centaur skeletons (D:4)
  An orc priest (D:4)
  Crazy Yiuf (D:4)
  3 worker ants
  3 gnolls (D:6)
  7 adders
  A shadow imp (D:5)
  An adder zombie (D:6)
  2 adder skeletons
  3 worms (D:3)
  5 giant geckos
  12 orcs
  8 bats
  5 giant cockroaches
  6 goblins
  5 hobgoblins
  3 quokkas
  A ball python (D:4)
  4 giant newts
  A jackal skeleton (D:4)
  6 kobolds
  A quokka skeleton (D:5)
  10 rats
109 creatures vanquished.

Notes
Turn   | Place    | Note
--------------------------------------------------------------
     0 | D:1      | Icer the Minotaur Monk began the quest for the Orb.
     0 | D:1      | Reached XP level 1. HP: 19/19 MP: 0/0
   121 | D:1      | Reached XP level 2. HP: 25/27 MP: 1/1
   313 | D:1      | Found a snail-covered altar of Cheibriados.
   594 | D:2      | Found an iron altar of Okawaru.
   726 | D:2      | Reached XP level 3. HP: 32/33 MP: 2/2
   746 | D:2      | Reached skill level 5 in Unarmed Combat
  1211 | D:2      | Became a worshipper of Warmaster Okawaru
  1211 | D:2      | Reached * piety under Okawaru
  1211 | D:2      | Reached ** piety under Okawaru
  1560 | D:3      | Reached XP level 4. HP: 41/41 MP: 3/3
  2186 | D:4      | Reached XP level 5. HP: 26/47 MP: 4/4
  2448 | D:4      | Reached skill level 5 in Fighting
  2482 | D:4      | Noticed Duvessa
  2483 | D:4      | Reached XP level 6. HP: 41/56 MP: 5/5
  2484 | D:4      | Noticed Dowan
  2854 | D:4      | Reached skill level 5 in Dodging
  3041 | D:4      | Killed Duvessa
  3041 | D:4      | Reached *** piety under Okawaru
  3047 | D:4      | Killed Dowan
  3047 | D:4      | Reached XP level 7. HP: 47/62 MP: 4/6
  3140 | D:4      | Noticed Crazy Yiuf
  3147 | D:4      | Killed Crazy Yiuf
  3363 | D:5      | Entered Level 5 of the Dungeon
  4014 | D:5      | Found a glowing golden altar of the Shining One.
  4015 | D:5      | Found a deep blue altar of Sif Muna.
  4015 | D:5      | Found a bloodstained altar of Trog.
  4092 | D:5      | Found a shimmering altar of Xom.
  4094 | D:5      | Found a snail-covered altar of Cheibriados.
  4523 | D:5      | Found a radiant altar of Vehumet.
  4854 | D:6      | Reached XP level 8. HP: 65/71 MP: 7/7
  4893 | D:6      | Reached **** piety under Okawaru
  4928 | D:6      | Slain by an ogre

Skill      XL: |  1  2  3  4  5  6  7  8 |
---------------+-------------------------+-----
Fighting       | 4 5 6 7 |  7.0
Unarmed Combat | 5 6 7 |  7.8
Stealth        | 2 3 |  3.2
Dodging        | 4 5 6 7 |  7.7
Invocations    | |  0.8

Action                   |  1- 3 |  4- 6 |  7- 9 || total
-------------------------+-------+-------+-------++-------
Melee: Unarmed           |    63 |    97 |   119 ||   279
       Headbutt          |     9 |    23 |    29 ||    61
       Punch             |       |     2 |     2 ||     4
Invok: Heroism           |       |     1 |     2 ||     3
  Use: Scroll            |       |     7 |       ||     7
       Potion            |       |       |     2 ||     2
 Stab: Sleeping          |     7 |     1 |     1 ||     9
       Distracted        |       |     1 |       ||     1
  Eat: Bread ration      |     1 |       |     1 ||     2
       Fruit             |       |     3 |     4 ||     7
Armor: Robe              |     8 |    17 |    20 ||    45
Dodge: Dodged            |    37 |    65 |    83 ||   185
